 Dungeon Crawl Stone Soup version 0.24.1 (webtiles) character file.

Game seed: 8781629401089401514, levelgen mode: deterministic

1461 Descartes the Chopper (level 8, -4/67 HPs)
             Began as a Gnoll Chaos Knight on Mar 28, 2020.
             Was a Plaything of Xom.
             Slain by Menkaure (15 damage)
             ... on level 6 of the Dungeon.
             The game lasted 00:18:26 (3467 turns).

Descartes the Chopper (Gnoll Chaos Knight)          Turns: 3467, Time: 00:18:26

Health: -4/67      AC: 12    Str: 16    XL:     8   Next: 77%
Magic:  13/13      EV:  8    Int: 19    God:    Xom [...*..]
Gold:   357        SH: 14    Dex: 18    Spells: 14/14 levels left

rFire    + . .     SeeInvis .   a - +0 hand axe (chaos)
rCold    . . .     Gourm    .   g - +1 large shield
rNeg     . . .     Faith    .   o - -1 scale mail (curse)
rPois    .         Spirit   .   d - +1 hat
rElec    .         Reflect  .   D - +2 cloak {MR+}
rCorr    .         Harm     .   i - +0 pair of gloves
MR       +....                  (no boots)
Stlth    +.........             (no amulet)
HPRegen  0.21/turn              k - +3 ring of intelligence
MPRegen  0.13/turn              (no ring)

@: no status effects
A: distributed training, fangs 1, talons 1, icy blue scales 2, agile 1, clever
1, deformed body, fire resistance 1, evolution 1, strong nose
a: Renounce Religion


You were on level 6 of the Dungeon.
You worshipped Xom.
You were a favourite toy of Xom.
You were not hungry.

You visited 2 branches of the dungeon, and saw 7 of its levels.

You collected 357 gold pieces.

Inventory:

Hand Weapons
 a - a +0 hand axe of chaos (weapon)
 C - a +2 quarterstaff of chaos
Missiles
 h - 37 arrows
 m - 120 stones (quivered)
 t - 14 bolts
 B - 23 poisoned darts
Armour
 d - a +1 hat (worn)
 g - a +1 large shield (worn)
 i - a +0 pair of gloves (worn)
 l - a +2 ring mail of magic resistance
 o - a cursed -1 scale mail (worn)
 D - a +2 cloak of magic resistance (worn)
Magical Staves
 r - an uncursed staff of death {unknown}
Jewellery
 k - a +3 ring of intelligence (left hand)
Scrolls
 b - 4 scrolls of identify
 e - 2 scrolls of teleportation
 j - 3 scrolls of remove curse {unknown}
 n - a scroll of noise
 q - a scroll of enchant armour
 w - a scroll of magic mapping {unknown}
Potions
 f - a potion of berserk rage {unknown}
 p - a potion of brilliance
 s - a potion of curing
 u - a potion of lignification {unknown}
 A - a potion of flight {unknown}
Comestibles
 c - 9 rations


   Skills:
 + Level 7.5 Fighting
 + Level 3.5 Short Blades
 + Level 3.5 Long Blades
 + Level 7.5 Axes
 + Level 3.5 Maces & Flails
 + Level 3.5 Polearms
 + Level 3.5 Staves
 + Level 3.5 Slings
 + Level 3.5 Bows
 + Level 3.5 Crossbows
 + Level 3.5 Throwing
 + Level 5.8 Armour
 + Level 4.4 Dodging
 + Level 3.5 Stealth
 + Level 3.5 Shields
 + Level 3.5 Unarmed Combat
 + Level 3.5 Spellcasting
 + Level 2.8 Conjurations
 + Level 2.8 Hexes
 + Level 2.8 Charms
 + Level 2.8 Summonings
 + Level 2.8 Necromancy
 + Level 2.8 Translocations
 + Level 2.8 Transmutations
 + Level 2.8 Fire Magic
 + Level 2.8 Ice Magic
 + Level 2.8 Air Magic
 + Level 2.8 Earth Magic
 + Level 2.8 Poison Magic
 + Level 3.8 Invocations
 + Level 3.5 Evocations


You had 14 spell levels left.
You didn't know any spells.
Your spell library was empty.

Dungeon Overview and Level Annotations

Branches:
Dungeon (6/15)             Temple (1/1) D:5

Altars:
Ashenzari
Cheibriados
Dithmenos
Fedhas
Gozag
Hepliaklqana
Kikubaaqudgha
Makhleb
Nemelex Xobeh
Okawaru
Qazlal
Ru
Trog
Uskayaw
Vehumet
Wu Jian
Xom
Yredelemnul

Annotations:
D:6 Menkaure


Innate Abilities, Weirdness & Mutations

Your experience applies equally to all skills.
You have very sharp teeth.
Your uncanny sense of smell can sniff out nearby items.
You have sharp toenails.
You are mostly covered in icy blue scales. (AC +3)
You are agile. (Dex +2)
Your mind is acute. (Int +2)
Armour fits poorly on your strangely shaped body.
Your flesh is heat resistant. (rF+)
You evolve.


Message History

You hit the shadow imp.
The shadow imp flickers and vanishes!
Deactivating autopickup; reactivate with Ctrl-A.
Your shadow imp disappears in a puff of smoke!
The bullfrog hits you. Something hits you but does no damage.
The bullfrog hits you but does no damage.
You hit the bullfrog.
The bullfrog seems to slow down.
You freeze the bullfrog. Your kick misses the bullfrog. You bite the bullfrog.
The bullfrog is almost dead.
You kill the bullfrog!
You hit Menkaure. You burn Menkaure. You bite Menkaure, but do no damage.
Menkaure is lightly damaged.
You hear Xom's avuncular chuckle.
Menkaure hits you!
* * * LOW HITPOINT WARNING * * *
You hit Menkaure but do no damage. Your kick misses Menkaure.
Your bite misses Menkaure.
Menkaure is lightly damaged.
Menkaure hits you!
You die...
Xom giggles madly!

#. #.#. #. #.#. #. ..# #.
#..# #. #..# ∆ #
#######..#
###..#########.[......#
......).M@............#
##....†#######........####
#..... #............
#..... ##'####.#####
##.... #.####5..... ......
#.##....#### ###....
#..#....# #.... ##+#....#
........#


You could see Menkaure.

Vanquished Creatures
  A wyvern (shapeshifter) (D:4)
  A necrophage (D:5)
  An ogre (shapeshifter) (D:3)
  2 phantoms (D:5)
  A boggart (D:6)
  2 bullfrogs (D:6)
  2 scorpions
  A howler monkey (D:4)
  3 crimson imps
  3 hounds
  2 jellies (D:5)
  An orc wizard (D:4)
  An orc priest (D:4)
  Crazy Yiuf (D:3)
  A centaur skeleton (D:5)
  4 worker ants
  Robin (D:3)
  7 adders
  A shadow imp (D:5)
  2 oozes (D:2)
  An adder skeleton (D:5)
  A worm (D:2)
  3 dart slugs
  3 leopard geckos
  2 orcs
  A giant cockroach (D:3)
  13 goblins
  19 hobgoblins
  3 ball pythons
  8 bats
  7 frilled lizards
  6 kobolds
  7 rats
112 creatures vanquished.

Notes
Turn   | Place    | Note
-------+----------+-------------------------------------------
     0 | D:1      | Descartes the Gnoll Chaos Knight began the quest for the
                  | Orb.
     0 | D:1      | Reached XP level 1. HP: 23/23 MP: 1/1
     8 | D:1      | XOM: harmless Hex miscast
    89 | D:1      | Reached XP level 2. HP: 25/29 MP: 2/2
   619 | D:1      | Reached XP level 3. HP: 35/35 MP: 3/3
   730 | D:2      | Reached skill level 1 in Invocations
   732 | D:2      | XOM: scenery: create altars
   747 | D:2      | Reached skill level 1 in Short Blades
   747 | D:2      | Reached skill level 1 in Long Blades
   747 | D:2      | Reached skill level 1 in Maces & Flails
   747 | D:2      | Reached skill level 1 in Polearms
   747 | D:2      | Reached skill level 1 in Staves
   747 | D:2      | Reached skill level 1 in Slings
   747 | D:2      | Reached skill level 1 in Bows
   747 | D:2      | Reached skill level 1 in Crossbows
   747 | D:2      | Reached skill level 1 in Throwing
   747 | D:2      | Reached skill level 1 in Stealth
   747 | D:2      | Reached skill level 1 in Shields
   747 | D:2      | Reached skill level 1 in Unarmed Combat
   747 | D:2      | Reached skill level 1 in Spellcasting
   747 | D:2      | Reached skill level 1 in Evocations
   825 | D:2      | Reached XP level 4. HP: 32/41 MP: 5/5
   882 | D:2      | Found an opulent altar of Gozag.
   910 | D:2      | XOM: god gift: hand axe {god gift}
   953 | D:2      | XOM: god gift: battleaxe {god gift}
  1116 | D:2      | XOM: give mutations
  1116 | D:2      | Gained mutation: Your flesh is heat resistant. (rF+) [Xom's
                  | grace]
  1116 | D:2      | Gained mutation: Your muscles are strong. (Str +2) [Xom's
                  | grace]
  1206 | D:3      | Noticed Robin
  1209 | D:3      | Reached skill level 1 in Conjurations
  1209 | D:3      | Reached skill level 1 in Hexes
  1209 | D:3      | Reached skill level 1 in Charms
  1209 | D:3      | Reached skill level 1 in Summonings
  1209 | D:3      | Reached skill level 1 in Necromancy
  1209 | D:3      | Reached skill level 1 in Translocations
  1209 | D:3      | Reached skill level 1 in Transmutations
  1209 | D:3      | Reached skill level 1 in Fire Magic
  1209 | D:3      | Reached skill level 1 in Ice Magic
  1209 | D:3      | Reached skill level 1 in Air Magic
  1209 | D:3      | Reached skill level 1 in Earth Magic
  1209 | D:3      | Reached skill level 1 in Poison Magic
  1223 | D:3      | Killed Robin
  1223 | D:3      | Noticed a shapeshifter
  1223 | D:3      | a goblin changed into a shapeshifter
  1223 | D:3      | Noticed a harpy
  1223 | D:3      | a shapeshifter changed into a harpy
  1225 | D:3      | Reached XP level 5. HP: 42/47 MP: 6/6
  1225 | D:3      | XOM: summons friendly shadow imp
  1233 | D:3      | XOM: cleaving
  1233 | D:3      | Noticed an ogre
  1233 | D:3      | a harpy changed into an ogre
  1356 | D:2      | XOM: give mutations
  1356 | D:2      | Gained mutation: Armour fits poorly on your strangely
                  | shaped body. [Xom's mischief]
  1356 | D:2      | Lost mutation: Your muscles are strong. (Str +2) [Xom's
                  | mischief]
  1356 | D:2      | Gained mutation: You have sharp toenails. [Xom's mischief]
  1356 | D:2      | Gained mutation: You are agile. (Dex +2) [Xom's mischief]
  1366 | D:3      | Killed an ogre
  1526 | D:3      | Found an ancient bone altar of Kikubaaqudgha.
  1627 | D:3      | XOM: medium Hex miscast
  1692 | D:3      | Found a runed translucent door.
  1693 | D:3      | Noticed Crazy Yiuf
  1821 | D:3      | Killed Crazy Yiuf
  1821 | D:3      | Reached XP level 6. HP: 22/53 MP: 2/8
  1966 | D:3      | XOM: harmless Summ miscast
  2010 | D:3      | XOM: god gift: 27 gold pieces
  2052 | D:4      | Noticed a glowing shapeshifter
  2052 | D:4      | an orc wizard changed into a glowing shapeshifter
  2052 | D:4      | Noticed a snapping turtle
  2052 | D:4      | a glowing shapeshifter changed into a snapping turtle
  2055 | D:4      | Noticed a shock serpent
  2055 | D:4      | a snapping turtle changed into a shock serpent
  2064 | D:4      | Noticed a deep troll
  2064 | D:4      | a shock serpent changed into a deep troll
  2065 | D:4      | Reached skill level 5 in Armour
  2079 | D:4      | Noticed a moth of wrath
  2079 | D:4      | a deep troll changed into a moth of wrath
  2083 | D:4      | Noticed a harpy
  2083 | D:4      | a moth of wrath changed into a harpy
  2084 | D:4      | XOM: confuse monster(s)
  2099 | D:4      | a harpy changed into an ogre
  2102 | D:4      | Noticed a porcupine
  2102 | D:4      | an ogre changed into a porcupine
  2103 | D:4      | Noticed a wyvern
  2103 | D:4      | a porcupine changed into a wyvern
  2111 | D:4      | Killed a wyvern
  2111 | D:4      | Reached XP level 7. HP: 19/59 MP: 8/10
  2152 | D:4      | XOM: polymorph ooze -> adder
  2298 | D:4      | XOM: harmless Pois miscast
  2327 | D:4      | XOM: enchant monster (good)
  2580 | D:5      | Entered Level 5 of the Dungeon
  2590 | D:5      | XOM: noise
  2682 | D:5      | Reached XP level 8. HP: 47/67 MP: 12/12
  2701 | D:5      | Found a staircase to the Ecumenical Temple.
  2703 | D:5      | Found a snail-covered altar of Cheibriados.
  2725 | Temple   | Entered the Ecumenical Temple
  3017 | D:5      | XOM: divination: detect items
  3394 | D:6      | XOM: give mutations
  3394 | D:6      | Gained mutation: Your mind is acute. (Int +2) [Xom's grace]
  3394 | D:6      | Gained mutation: You are partially covered in icy blue
                  | scales. (AC +2) [Xom's grace]
  3394 | D:6      | Gained mutation: You are mostly covered in icy blue scales.
                  | (AC +3) [Xom's grace]
  3394 | D:6      | Gained mutation: You evolve. [Xom's grace]
  3427 | D:6      | XOM: summons 3 friendly demons
  3446 | D:6      | Noticed Eustachio
  3452 | D:6      | Noticed Menkaure
  3454 | D:6      | Noticed Eustachio
  3454 | D:6      | Eustachio changed into Eustachio the boggart
  3454 | D:6      | XOM: polymorph Eustachio -> Eustachio the boggart
  3458 | D:6      | Killed Eustachio the boggart
  3466 | D:6      | XOM: enchant monster (bad)
  3467 | D:6      | Slain by Menkaure

Levels and vault maps discovered:
D:1:      tarquinn_simple_flora_water_d, layout_basic, minmay_tromino_mix6
D:2:      layout_rooms, nicolae_gozag_cash_rules_everything_around_me
D:3:      layout_basic, nicolae_overflow_crystal_walls, chequers_big_river,
          uniq_crazy_yiuf_cottage, uniq_robin
D:4:      layout_gridville, first_ration
D:5:      layout_loops_ring, minmay_temple_entry_stoned_glass,
          kennysheep_slug_shrine
D:6:      layout_basic, uniq_grinder, uniq_eustachio, uniq_menkaure
Temple:   regret_index_temple_waves

Skill      XL: |  1  2  3  4  5  6  7  8 |
---------------+-------------------------+-----
Invocations    | 1 2 3 |  3.8
Short Blades   | 1 2 3 |  3.5
Long Blades    | 1 2 3 |  3.5
Maces & Flails | 1 2 3 |  3.5
Polearms       | 1 2 3 |  3.5
Staves         | 1 2 3 |  3.5
Slings         | 1 2 3 |  3.5
Bows           | 1 2 3 |  3.5
Crossbows      | 1 2 3 |  3.5
Throwing       | 1 2 3 |  3.5
Stealth        | 1 2 3 |  3.5
Shields        | 1 2 3 |  3.5
Unarmed Combat | 1 2 3 |  3.5
Spellcasting   | 1 2 3 |  3.5
Evocations     | 1 2 3 |  3.5
Conjurations   | 1 2 |  2.8
Hexes          | 1 2 |  2.8
Charms         | 1 2 |  2.8
Summonings     | 1 2 |  2.8
Necromancy     | 1 2 |  2.8
Translocations | 1 2 |  2.8
Transmutations | 1 2 |  2.8
Fire Magic     | 1 2 |  2.8
Ice Magic      | 1 2 |  2.8
Air Magic      | 1 2 |  2.8
Earth Magic    | 1 2 |  2.8
Poison Magic   | 1 2 |  2.8
Dodging        | 3 4 |  4.4
Armour         | 5 |  5.8
Fighting       | 7 |  7.5
Axes           | 7 |  7.5

Action                   |  1- 3 |  4- 6 |  7- 9 || total
-------------------------+-------+-------+-------++-------
Melee: Hand axe          |    98 |   136 |   163 ||   397
       Bite              |     8 |    12 |    25 ||    45
       Kick              |       |    30 |    44 ||    74
  Use: Scroll            |     2 |     5 |       ||     7
       Potion            |     1 |     3 |       ||     4
 Stab: Sleeping          |     1 |       |       ||     1
       Confused          |       |     3 |     3 ||     6
       Paralysed         |       |     3 |       ||     3
       Petrified         |       |       |     2 ||     2
       Petrifying        |       |       |     1 ||     1
  Eat: Chunk             |       |     4 |     5 ||     9
Armor: Leather armour    |     6 |       |       ||     6
       Ring mail         |    11 |       |       ||    11
       Scale mail        |     7 |    54 |    43 ||   104
Dodge: Dodged            |    29 |    27 |    22 ||    78
Block: Large shield      |    35 |    85 |   103 ||   223
